 Dungeon Crawl Stone Soup version 0.29.0-4-gdea44cf6ec (webtiles) character file.

Game seed: 16246165305103072314

80 qw the Sneak (level 4, -3/37 HPs)
             Began as a Ghoul Enchanter on Sept 6, 2022.
             Slain by a black bear (10 damage)
             ... on level 3 of the Dungeon.
             The game lasted 00:01:11 (2359 turns).

qw the Sneak (Ghoul Enchanter)                      Turns: 2359, Time: 00:01:12

Health: -3/37      AC:  7    Str: 13    XL:     4   Next: 39%
Magic:  5/5        EV: 11    Int: 10    God:
Gold:   127        SH:  0    Dex:  9    Spells: 6/6 levels left

rFire   . . .      SeeInvis .   Y - +0 long sword
rCold   + . .      Faith    .   (no shield)
rNeg    + + +      Spirit   .   l - +0 leather armour
rPois   inf        Reflect  .   (no helmet)
rElec   .          Harm     .   (no cloak)
rCorr   .          Rampage  .   (no gloves)
Will    .....                   (no boots)
Stlth   ++........              (no amulet)
HPRegen 0.00/turn               i - +4 ring of protection
MPRegen 0.09/turn               n - +4 ring of slaying {mikee}

@: inhibited regen
A: claws 1, cold resistance 1, negative energy resistance 3, inhibited
regeneration, torment resistance 2, devour on kill
a: no special abilities


You were on level 3 of the Dungeon.
You visited 1 branch of the dungeon, and saw 3 of its levels.

You collected 127 gold pieces.


Innate Abilities, Weirdness & Mutations

You are immune to poison.
You have sharp fingernails.
Your flesh is cold resistant. (rC+)
You are immune to negative energy. (rN+++)
You do not regenerate when monsters are visible.
You are immune to unholy pain and torment.
You thrive by killing the living.


   Skills:
 - Level 2.8 Fighting
 - Level 0.8 Short Blades
 + Level 2.4 Axes
 - Level 1.7 Dodging
 - Level 3.2 Stealth
 - Level 1.7 Spellcasting
 - Level 2.4 Hexes


You had 6 spell levels left.
You didn't know any spells.
Your spell library contained the following spells:

 Spells                   Type           Power      Damage    Failure   Level
 Ensorcelled Hibernation  Hex/Ice        6%         N/A       36%         2
 Confusing Touch          Hex            5%         N/A       41%         3
 Tukima's Dance           Hex            5%         N/A       41%         3
 Dazzling Flash           Conj/Hex       6%         N/A       58%         3

Inventory:

Hand Weapons
 g - a +2 whip of flaming
 Y - a +0 long sword (weapon)
Armour
 a - a +0 pair of boots
 l - a +0 leather armour (worn)
Jewellery
 i - a +4 ring of protection (left claw)
 n - a +4 ring of slaying (right claw) {mikee}
Scrolls
 e - 3 scrolls of identify
 j - a scroll of teleportation
Potions
 b - a potion of brilliance {unknown}
 c - a potion of haste
 f - a potion of curing
 h - a potion of might
 k - a potion of flight {unknown}

Dungeon Overview and Level Annotations

Branches:
Dungeon (3/15)

Altars:
Makhleb


Message History

You miss the goblin. The goblin barely misses you.
The goblin hits you with a +0 long sword.
You hit the goblin.
You kill the goblin!
You hit the black bear. You claw the black bear.
The black bear is lightly wounded.
The black bear bites you. The black bear barely misses you.
The black bear claws you but does no damage.
The black bear bites you! The black bear barely misses you.
The black bear claws you.
You hit the black bear.
The black bear is moderately wounded.
The black bear bites you.
The black bear claws you but does no damage.
The black bear closely misses you.
You closely miss the black bear.
The black bear is moderately wounded.
The black bear closely misses you. The black bear claws you.
The black bear closely misses you. The black bear misses you.
The black bear claws you. The black bear closely misses you.
You barely miss the black bear.
The black bear is moderately wounded.
The black bear closely misses you. The black bear claws you.
The black bear claws you but does no damage.
You slash the black bear!
The black bear is heavily wounded.
The black bear barely misses you.
The black bear claws you but does no damage. x2
You slash the black bear!
The black bear is almost dead.
The black bear closely misses you. x2
The black bear claws you but does no damage.
The black bear goes berserk!
You hit the black bear.
The black bear is almost dead.
The black bear bites you. The black bear claws you.
The black bear claws you but does no damage.
The black bear bites you!
You die...

.#..### +### .#....#
.#.##.#. .#.##.#.#
.#......# .#.#..###
#### .#.#..... ..#
.#.#..#### #.# .#.#..#
#@# .#....# ###
###h### #
.#.#..###.####.....#.#
##..........##.....#.#
....#.###.#.........#
##.##.# #.####.....#.#
#.##.# #.# #...).#.#
#.##.# #.# ###...# .
#.##.# #.######.#.# #


You could see a black bear (berserk).

Vanquished Creatures
  Jessica (D:2)
  An adder (D:1)
  2 dart slugs
  2 bats (D:1)
  3 endoplasms
  2 giant cockroaches (D:2)
  4 goblins
  3 hobgoblins
  8 jackals
  3 ball pythons
  2 frilled lizards
  7 kobolds
  2 rats (D:2)
40 creatures vanquished.

Vanquished Creatures (others)
  4 toadstools (D:1)
4 creatures vanquished.

Grand Total: 44 creatures vanquished

Notes
Turn   | Place    | Note
-------+----------+-------------------------------------------
     0 | D:1      | qw the Ghoul Enchanter began the quest for the Orb.
     0 | D:1      | Reached XP level 1. HP: 14/14 MP: 2/2
     0 | D:1      | 0 ||| qw: Version: 0.1-a-108-g9e35731
     0 | D:1      | 0 ||| qw: Game counter: 6286
     0 | D:1      | 0 ||| qw: Always use a shield: true
     0 | D:1      | 0 ||| qw: God list: Okawaru
     0 | D:1      | 0 ||| qw: Allow faded altars: false
     0 | D:1      | 0 ||| qw: Do Orc after D:15 true
     0 | D:1      | 0 ||| qw: Do second Lair branch before Depths: true
     0 | D:1      | 0 ||| qw: Lair rune preference: random
     0 | D:1      | 0 ||| qw: Plans: Normal
     0 | D:1      | 0 ||| PLANNING D:1-11
    25 | D:1      | Reached skill level 1 in Axes
   165 | D:1      | Reached skill level 1 in Fighting
   165 | D:1      | Reached XP level 2. HP: 23/23 MP: 3/3
   182 | D:1      | 182 ||| SWAPPING to +0 spear.
   183 | D:1      | 183 ||| DROPPING +1 dagger.
   212 | D:1      | Found a faded altar of an unknown god.
   290 | D:1      | 290 ||| Stepping ~*~*~tactically~*~*~ (outnumbered).
   378 | D:1      | 378 ||| Stepping ~*~*~tactically~*~*~ (stealth).
   384 | D:1      | 384 ||| Stepping ~*~*~tactically~*~*~ (stealth).
   392 | D:1      | 392 ||| Stepping ~*~*~tactically~*~*~ (stealth).
   394 | D:1      | 394 ||| Stepping ~*~*~tactically~*~*~ (stealth).
   400 | D:1      | 400 ||| Stepping ~*~*~tactically~*~*~ (stealth).
   406 | D:1      | 406 ||| Stepping ~*~*~tactically~*~*~ (stealth).
   411 | D:1      | 411 ||| Stepping ~*~*~tactically~*~*~ (stealth).
   414 | D:1      | 414 ||| Stepping ~*~*~tactically~*~*~ (stealth).
   469 | D:1      | 469 ||| Stepping ~*~*~tactically~*~*~ (stealth).
   944 | D:1      | 944 ||| UPGRADING to +4 ring of protection.
   945 | D:1      | 945 ||| READING 5 scrolls labelled ZECIPH IJOPRAC.
   946 | D:1      | 946 ||| READING 2 scrolls labelled TEJEOST SAPHEI.
   950 | D:1      | 950 ||| READING 4 scrolls of identify.
   950 | D:1      | 950 ||| IDENTIFYING grey potion
   951 | D:1      | 951 ||| READING 3 scrolls of identify.
   951 | D:1      | 951 ||| IDENTIFYING bubbling cyan potion
   952 | D:1      | 952 ||| READING 2 scrolls of identify.
   952 | D:1      | 952 ||| IDENTIFYING inky potion
   953 | D:1      | 953 ||| DROPPING 2 potions of invisibility.
   954 | D:1      | 954 ||| DROPPING potion of ambrosia.
   977 | D:2      | 977 ||| STAIRDANCE
   991 | D:1      | Reached XP level 3. HP: 26/28 MP: 4/4
  1018 | D:2      | 1018 ||| STAIRDANCE
  1125 | D:2      | 1125 ||| STAIRDANCE
  1145 | D:2      | 1145 ||| Stepping ~*~*~tactically~*~*~ (stealth).
  1151 | D:2      | 1151 ||| SWAPPING to +0 long sword.
  1182 | D:2      | 1182 ||| Stepping ~*~*~tactically~*~*~ (outnumbered).
  1183 | D:2      | 1183 ||| Stepping ~*~*~tactically~*~*~ (outnumbered).
  1184 | D:2      | 1184 ||| Stepping ~*~*~tactically~*~*~ (outnumbered).
  1185 | D:2      | 1185 ||| Stepping ~*~*~tactically~*~*~ (outnumbered).
  1186 | D:2      | 1186 ||| Stepping ~*~*~tactically~*~*~ (outnumbered).
  1187 | D:2      | 1187 ||| Stepping ~*~*~tactically~*~*~ (outnumbered).
  1188 | D:2      | 1188 ||| Stepping ~*~*~tactically~*~*~ (outnumbered).
  1189 | D:2      | 1189 ||| Stepping ~*~*~tactically~*~*~ (outnumbered).
  1190 | D:2      | 1190 ||| Stepping ~*~*~tactically~*~*~ (outnumbered).
  1191 | D:2      | 1191 ||| Stepping ~*~*~tactically~*~*~ (outnumbered).
  1212 | D:2      | 1212 ||| Stepping ~*~*~tactically~*~*~ (stealth).
  1252 | D:2      | 1252 ||| Stepping ~*~*~tactically~*~*~ (stealth).
  1253 | D:2      | 1253 ||| Stepping ~*~*~tactically~*~*~ (stealth).
  1263 | D:2      | 1263 ||| Stepping ~*~*~tactically~*~*~ (stealth).
  1265 | D:2      | 1265 ||| Stepping ~*~*~tactically~*~*~ (stealth).
  1442 | D:2      | 1442 ||| DROPPING +0 spear.
  1473 | D:2      | Noticed Jessica
  1484 | D:2      | Killed Jessica
  1485 | D:2      | Reached XP level 4. HP: 30/37 MP: 5/5
  1485 | D:2      | 1485 ||| FLEEEEING.
  1486 | D:2      | 1486 ||| FLEEEEING.
  1487 | D:2      | 1487 ||| FLEEEEING.
  1488 | D:2      | 1488 ||| FLEEEEING.
  1489 | D:2      | 1489 ||| FLEEEEING.
  1490 | D:2      | 1490 ||| FLEEEEING.
  1491 | D:2      | 1491 ||| FLEEEEING.
  1492 | D:2      | 1492 ||| FLEEEEING.
  1493 | D:2      | 1493 ||| STAIRDANCE
  1547 | D:1      | 1547 ||| READING 2 scrolls of identify.
  1547 | D:1      | 1547 ||| IDENTIFYING lumpy golden potion
  1781 | D:2      | 1781 ||| UPGRADING to +0 leather armour.
  1791 | D:2      | 1791 ||| DROPPING +0 robe.
  1792 | D:2      | 1792 ||| UPGRADING to +4 ring of slaying {mikee}.
  1793 | D:2      | 1793 ||| READING scroll labelled JUT KOWUFO.
  1794 | D:2      | 1794 ||| READING 2 scrolls of identify.
  1794 | D:2      | 1794 ||| IDENTIFYING viscous golden potion
  1825 | D:3      | Noticed a black bear
  1841 | D:3      | HP: 8/37 [black bear (3)]
  1842 | D:3      | 1842 ||| READING 2 scrolls of teleportation.
  1843 | D:3      | 1843 ||| DRINKING potion of heal wounds.
  1962 | D:3      | Found a burning altar of Makhleb.
  2118 | D:3      | 2118 ||| Stepping ~*~*~tactically~*~*~ (hiding).
  2347 | D:3      | 2347 ||| Stepping ~*~*~tactically~*~*~ (outnumbered).
  2348 | D:3      | 2348 ||| Stepping ~*~*~tactically~*~*~ (outnumbered).
  2349 | D:3      | 2349 ||| Stepping ~*~*~tactically~*~*~ (outnumbered).
  2350 | D:3      | 2350 ||| Stepping ~*~*~tactically~*~*~ (outnumbered).
  2359 | D:3      | HP: 9/37 [black bear (1)]
  2359 | D:3      | Slain by a black bear

Levels and vault maps discovered:
D:1:      ldierk_water_garden, layout_loops_ring,
          hellmonk_ecumenical_altar_blasted
D:2:      layout_rooms, uniq_jessica
D:3:      layout_loops_ring, mainiacjoe_overflow_24_doors, roderic_lattice_a,
          chequers_mini_garden, minmay_misc_feat_columns,
          uniq_crazy_yiuf_cottage

Skill      XL: |  1  2  3 |
---------------+----------+-----
Axes           | 1 2 |  2.4
Fighting       | 1 2 |  2.8
Short Blades   | |  0.8
Dodging        | |  1.7
Stealth        | |  3.2
Spellcasting   | |  1.7
Hexes          | |  2.4

Action                   |  1- 3 |  4- 6 || total
-------------------------+-------+-------++-------
Melee: Dagger            |    24 |       ||    24
       Spear             |    77 |       ||    77
       Long sword        |    30 |    42 ||    72
       Punch             |       |     2 ||     2
  Use: Scroll            |     5 |     4 ||     9
       Potion            |       |     1 ||     1
 Stab: Sleeping          |     1 |       ||     1
Armor: Robe              |    35 |     3 ||    38
       Leather armour    |       |    30 ||    30
Dodge: Dodged            |    90 |    59 ||   149

Table legend:
 A = Non-vault XP
 B = Vault XP
 C = Vault XP percentage of total XP
 D = Non-vault monster count
 E = Vault monster count
 F = Vault count percentage of total count
                 A         B        C        D         E       F
            +---------+---------+-------+---------+---------+-------
      Total |      78 |      37 |  32.2 |      39 |       1 |   2.5
            +---------+---------+-------+---------+---------+-------
        D:1 |      46 |       0 |   0.0 |      20 |       0 |   0.0
        D:2 |      18 |      37 |  67.3 |      13 |       1 |   7.1
        D:3 |      14 |       0 |   0.0 |       6 |       0 |   0.0
            +---------+---------+-------+---------+---------+-------
